 Dungeon Crawl Stone Soup version 0.17-a0-377-gdd46233 (webtiles) character file.

9896 McCoppin the Spear-Bearer (level 11, -10/87 HPs)
             Began as a Formicid Skald on Apr 1, 2015.
             Was a Believer of Ashenzari.
             Mangled by a six-headed hydra (15 damage)
             ... on level 2 of the Lair of Beasts.
             The game lasted 01:12:51 (17461 turns).

McCoppin the Spear-Bearer (Formicid Skald)         Turns: 17461, Time: 01:12:51

Health: -10/87     AC: 10    Str: 17 (18) XL:     11   Next: 82%
Magic:  2/14       EV: 19    Int: 13      God:    Ashenzari [**....]
Gold:   611        SH:  0    Dex: 11      Spells: 5 memorised, 6 levels left

rFire  . . .     SeeInvis +     W - +0 spear
rCold  . . .     Clarity  +     s - +0 leather armour {rPois} (curse)
rNeg   . . .     SustAb   .     (no shield)
rPois  +         Gourm    .     (helmet unavailable)
rElec  +         Spirit   .     T - +0 cloak (curse)
rCorr  .         Warding  .     n - +1 pair of gloves (curse)
rMut   .         Stasis   +     (no boots)
MR     +....                    (no amulet)
Stlth  +.........               y - +6 ring of evasion (curse)
                                p - +3 ring of protection (curse)

@: very slightly contaminated, invisible, somewhat resistant to hostile
enchantments, very unstealthy
A: permanent stasis, dig shafts and tunnels, four strong arms, antennae 3,
hooves 1, clarity, deterioration 1, electricity resistance, placid magic 1,
MP-powered wands 1
a: Dig, Shaft Self, Renounce Religion


You were on level 2 of the Lair of Beasts.
You worshipped Ashenzari.
Ashenzari was pleased with you.
You were very hungry.

You visited 3 branches of the dungeon, and saw 12 of its levels.
You also visited: Sewer.

You collected 611 gold pieces.

Inventory:

Hand weapons
 i - a +0 blowgun
 C - a +0 halberd
 W - a +0 spear (weapon)
Missiles
 l - 87 poisoned needles
 v - 2 needles of frenzy
 Q - 5 needles of slowing
Armour
 n - a cursed +1 pair of gloves (worn)
 s - a cursed +0 leather armour of poison resistance (worn)
 T - a cursed +0 cloak (worn)
Magical staves
 r - an uncursed staff of fire
Jewellery
 k - an uncursed ring of magical power
 o - a +3 ring of dexterity
 p - a cursed +3 ring of protection (left hand)
 w - an uncursed ring of teleport control
 y - a cursed +6 ring of evasion (right hand)
 B - a +4 ring of intelligence
 K - an uncursed ring of flight
Magical devices
 t - a wand of digging (2)
 F - a wand of confusion (40)
 G - a wand of lightning (7)
 H - a wand of draining (9)
 J - a wand of invisibility (6)
Scrolls
 e - 8 scrolls of teleportation
 f - a scroll of noise {unknown}
 h - a scroll of blinking
 j - a scroll of enchant armour
 m - 3 scrolls of curse armour
 u - a scroll of magic mapping
 x - 5 scrolls of remove curse
 z - 6 scrolls of identify
 A - a scroll of curse weapon
 V - a scroll of immolation {unknown}
Potions
 b - 2 potions of might
 g - a potion of magic
 q - 2 potions of brilliance
 M - a potion of restore abilities
 P - a potion of curing
Books
 a - a book of Party Tricks

   Spells                             Type                      Level
   a - Summon Butterflies             Summoning                    1
   b - Apportation                    Translocation                1
   c - Tukima's Dance                 Hexes                        3
   d - Alistair's Intoxication        Transmutation/Poison         4
   e - Invisibility                   Hexes                        6
 c - a book of Battle

   Spells                             Type                      Level
   a - Infusion                       Charms                       1
   b - Shroud of Golubria             Charms/Translocation         2
   c - Song of Slaying                Charms                       2
   d - Spectral Weapon                Hexes/Charms                 3
   e - Regeneration                   Charms/Necromancy            3
 O - a Young Poisoner's Handbook

   Spells                             Type                      Level
   a - Sting                          Conjuration/Poison           1
   b - Cure Poison                    Poison                       2
   c - Mephitic Cloud                 Conjuration/Poison/Air       3
   d - Olgreb's Toxic Radiance        Poison                       4
   e - Venom Bolt                     Conjuration/Poison           5
 S - a book of Air

   Spells                             Type                      Level
   a - Shock                          Conjuration/Air              1
   b - Swiftness                      Charms/Air                   2
   c - Repel Missiles                 Charms/Air                   2
   d - Flight                         Charms/Air                   3
   e - Static Discharge               Conjuration/Air              3
   f - Lightning Bolt                 Conjuration/Air              5
Comestibles
 d - 7 bread rations
 E - a slice of pizza
 N - a meat ration
 R - a beef jerky


   Skills:
 - Level 8.4 Fighting
 - Level 12.1 Polearms
 - Level 6.4 Armour
 - Level 3.3(4.6) Dodging
 + Level 3.9 Spellcasting
 - Level 7.2(8.8) Hexes
 - Level 5.3(6.7) Charms


You had 6 spell levels left.
You knew the following spells:

 Your Spells              Type           Power        Failure   Level  Hunger
a - Infusion              Chrm           ##....       1%          1    None
b - Spectral Weapon       Hex/Chrm       ###.....     1%          3    ###....
c - Regeneration          Chrm/Necr      #.........   11%         3    ###....
d - Song of Slaying       Chrm           ##......     1%          2    ##.....
e - Shroud of Golubria    Chrm/Tloc      #.........   5%          2    ##.....


Dungeon Overview and Level Annotations

Branches:
Dungeon (9/15)             Temple (1/1) D:6            Lair (2/8) D:9
    Orc: D:9-12

Altars:
Ashenzari
Cheibriados
Dithmenos
Elyvilon
Fedhas
Gozag
Kikubaaqudgha
Makhleb
Nemelex Xobeh
Okawaru
Qazlal
Ru
Sif Muna
Trog
Vehumet
Xom
Yredelemnul
Zin
The Shining One


Innate Abilities, Weirdness & Mutations

You are under a permanent stasis effect.
You can dig through walls and to a lower floor.
Your four strong arms can wield two-handed weapons with a shield.
You have a pair of large antennae on your head (SInv).
You have large cloven feet.
You possess an exceptional clarity of mind.
Your body is slowly deteriorating.
You are resistant to electric shocks.
Your spells are a little easier to cast, but a little less powerful.
You expend magic power (3 MP) to slightly strengthen your wands.


Message History

The six-headed hydra bites you!
* * * LOW HITPOINT WARNING * * *
The six-headed hydra completely misses you.
The six-headed hydra bites you.
* * * LOW HITPOINT WARNING * * *
The six-headed hydra barely misses you.
Your skin stops crawling.
Drink which item? (? for menu, Esc to quit)
Okay, then.
Use which ability? (? or * to list)
You can't do that.
Casting: Regeneration
Confirm with . or Enter, or press ? or * to list all spells.
You miscast Regeneration.
Your skin tingles.
The six-headed hydra bites you!
* * * LOW HITPOINT WARNING * * *
The six-headed hydra misses you. The six-headed hydra bites you!
* * * LOW HITPOINT WARNING * * *
The six-headed hydra bites you but does no damage.
The six-headed hydra bites you!
You die...

#.#$..... ##..#....... ,
, #.#.#........
####...........#
####..#P.#........#
#....##..........# ### #
###..##...#......####.###
##..##........#.#..#....
#.(..#(@................
#.....D.................
##....######............
#....#.# #P............
###..#(# ###...........
####.## ###..........
##.####.#..........
##.#P#..#.........
####......#........


You could see a six-headed hydra and a friendly spectral spear.

Vanquished Creatures
  An unseen horror (D:9)
  The ghost of herpmino the Covert, an experienced OpMo (D:6)
  A gargoyle (D:8)
  2 spiny frogs (Lair:2)
  A fire drake (D:9)
  A spriggan (D:7)
  2 hippogriffs
  A deep elf mage (D:7)
  2 wyverns
  3 yaks (Lair:2)
  A hungry ghost (D:8)
  6 water moccasins
  Purgy (Sewer)
  A black bear (D:7)
  5 orc warriors
  3 phantoms
  4 centaurs
  An ice beast (D:8)
  A sky beast (D:8)
  4 ogres
  A crocodile (Lair:2)
  The ghost of McCoppin the Insei, an average OpTm (D:3)
  5 giant frogs
  Blork the orc (D:4)
  3 scorpions
  21 killer bees
  3 wights (D:8)
  A giant frog zombie (D:5)
  A wasp zombie (D:9)
  3 iguanas
  5 crimson imps
  4 jellies
  9 orc priests
  6 hounds
  6 worker ants
  Natasha (thrice) (D:4)
  16 orc wizards
  A killer bee zombie (D:8)
  A hound skeleton (D:6)
  A worker ant zombie (D:9)
  10 adders
  20 gnolls
  31 river rats
  8 giant mites
  3 shadow imps
  5 worms
  4 adder zombies
  An adder skeleton (D:5)
  6 giant geckos
  2 oozes
  36 orcs
  6 ball pythons
  19 bats
  A bat zombie (D:5)
  12 giant cockroaches
  12 goblins
  13 hobgoblins
  21 jackals
  27 kobolds
  2 quokkas (D:7)
  A ball python skeleton (D:5)
  A giant gecko skeleton (D:7)
  7 giant newts
  A gnoll zombie (D:5)
  2 jackal skeletons
  A jackal zombie (D:5)
  19 rats
  A ballistomycete (D:7)
406 creatures vanquished.

Vanquished Creatures (others)
  10 spectral weapons
  A bat zombie (D:7)
  A hobgoblin (D:5)
  A quokka (D:5)
  A giant spore (D:7)
14 creatures vanquished.

Grand Total: 420 creatures vanquished

Notes
Turn   | Place    | Note
--------------------------------------------------------------
     0 | D:1      | McCoppin, the Formicid Skald, began the quest for the Orb.
     0 | D:1      | Reached XP level 1. HP: 16/16 MP: 3/3
   145 | D:1      | Reached XP level 2. HP: 12/23 MP: 4/4
   880 | D:1      | Reached XP level 3. HP: 21/28 MP: 5/5
  1853 | D:2      | Reached XP level 4. HP: 28/35 MP: 6/6
  2252 | D:2      | Found an ancient bone altar of Kikubaaqudgha.
  2350 | D:2      | Reached skill level 4 in Polearms
  2452 | D:2      | Found a sparkling altar of Nemelex Xobeh.
  2690 | D:2      | Reached XP level 5. HP: 17/41 MP: 7/7
  3192 | D:2      | Reached skill level 5 in Polearms
  3240 | D:3      | Noticed McCoppin's ghost (average OpTm)
  3253 | D:3      | Killed McCoppin's ghost
  3253 | D:3      | Reached XP level 6. HP: 34/47 MP: 8/8
  3453 | D:3      | Reached skill level 6 in Polearms
  3736 | D:3      | Found a glowing drain.
  3777 | Sewer    | Entered a sewer
  3792 | Sewer    | Noticed Purgy
  3808 | Sewer    | Killed Purgy
  3808 | Sewer    | Reached XP level 7. HP: 36/52 MP: 0/9
  4261 | D:3      | Found a basalt altar of Yredelemnul.
  4348 | D:3      | Reached skill level 7 in Polearms
  4734 | D:3      | Found a glowing silver altar of Zin.
  4936 | D:3      | Learned a level 3 spell: Spectral Weapon
  5014 | D:4      | Reached skill level 1 in Hexes
  5381 | D:4      | Noticed Blork the orc
  5419 | D:4      | Killed Blork the orc
  5641 | D:4      | Noticed Natasha
  5650 | D:4      | Killed Natasha
  5666 | D:4      | Reached XP level 8. HP: 31/58 MP: 7/10
  5993 | D:4      | Noticed Natasha
  6001 | D:4      | Killed Natasha
  6245 | D:4      | Noticed Natasha
  6250 | D:4      | Killed Natasha
  6661 | D:4      | Reached skill level 5 in Hexes
  7098 | D:5      | Entered Level 5 of the Dungeon
  7277 | D:5      | Found a white marble altar of Elyvilon.
  7302 | D:5      | You fall through a shaft!
  7509 | D:5      | Reached skill level 5 in Charms
  7600 | D:5      | Found a blossoming altar of Fedhas.
  7872 | D:5      | Reached XP level 9. HP: 45/63 MP: 7/11
  8922 | D:6      | Found a staircase to the Ecumenical Temple.
  8975 | Temple   | Entered the Ecumenical Temple
  9333 | D:6      | Found a shattered altar of Ashenzari.
  9377 | D:6      | Reached skill level 8 in Polearms
  9621 | D:6      | Noticed herpmino's ghost (experienced OpMo)
  9631 | D:6      | Killed herpmino's ghost
  9744 | D:6      | Reached skill level 5 in Fighting
  9882 | D:6      | Became a worshipper of Ashenzari the Shackled
 10316 | D:7      | Reached skill level 9 in Polearms
 10316 | D:7      | Reached XP level 10. HP: 59/74 MP: 12/12
 10628 | D:7      | Reached skill level 5 in Armour
 11051 | D:7      | Found a bloodstained altar of Trog.
 11186 | D:7      | Learned a level 3 spell: Regeneration
 11189 | D:7      | Learned a level 2 spell: Song of Slaying
 11192 | D:7      | Learned a level 2 spell: Shroud of Golubria
 11294 | D:7      | Gained mutation: Your spells are a little easier to cast, but a little less powerful. [potion of mutation]
 11294 | D:7      | Gained mutation: You possess an exceptional clarity of mind. [potion of mutation]
 11294 | D:7      | Gained mutation: Your body is slowly deteriorating. [potion of mutation]
 12625 | D:8      | Reached skill level 10 in Polearms
 12828 | D:8      | Found an iron altar of Okawaru.
 13307 | D:8      | Noticed a gargoyle
 13322 | D:8      | Killed a gargoyle
 13917 | D:8      | Reached skill level 1 in Dodging
 13922 | D:8      | Reached XP level 11. HP: 47/84 MP: 7/13
 14287 | D:8      | Reached skill level 11 in Polearms
 14638 | D:9      | Found a deep blue altar of Sif Muna.
 14685 | D:9      | HP: 2/84 [orc warrior/halberd (18)]
 14976 | D:9      | Found a staircase to the Lair.
 15109 | D:9      | Found a shimmering altar of Xom.
 15169 | D:9      | Found a shadowy altar of Dithmenos.
 15641 | D:9      | Noticed an unseen horror
 15660 | D:9      | Killed an unseen horror
 15819 | Lair:1   | Entered Level 1 of the Lair of Beasts
 15846 | Lair:1   | Acquired Ashenzari's first power
 16534 | Lair:1   | Gained mutation: You are resistant to electric shocks. [potion of mutation]
 16534 | Lair:1   | Gained mutation: You expend magic power (3 MP) to slightly strengthen your wands. [potion of mutation]
 16534 | Lair:1   | Gained mutation: You have large cloven feet. [potion of mutation]
 16748 | Lair:1   | Reached skill level 12 in Polearms
 17408 | Lair:2   | Noticed a six-headed hydra
 17461 | Lair:2   | Mangled by a six-headed hydra

Action                   |  1- 3 |  4- 6 |  7- 9 | 10-12 || total
-------------------------+-------+-------+-------+-------++-------
Melee: Spear             |   174 |   224 |   775 |     2 ||  1175
       Trident           |       |       |   119 |   202 ||   321
       Halberd           |       |       |       |   562 ||   562
 Cast: Infusion          |       |     2 |       |       ||     2
       Spectral Weapon   |       |       |    18 |    32 ||    50
       Shroud of Golubri |       |       |       |     8 ||     8
       Regeneration      |       |       |       |    14 ||    14
 Abil: Dig               |       |     3 |     7 |     5 ||    15
  Use: Scroll            |       |     7 |     4 |    10 ||    21
       Potion            |       |     6 |     4 |     8 ||    18
 Stab: Invisible         |       |       |     1 |     1 ||     2
       Distracted        |       |       |     3 |       ||     3
  Eat: Meat ration       |     1 |       |     1 |       ||     2
       Chunk             |       |     2 |    13 |    11 ||    26
       Bread ration      |       |     1 |     1 |     3 ||     5
       Beef jerky        |       |       |     1 |     3 ||     4
       Royal jelly       |       |       |       |     1 ||     1
